Map: [ESL] Alcyone

Players

Clem - Winner!

  • Race: Terran Terran
  • Spawn Location: 1:00

Spirit

  • Race: Terran Terran
  • Spawn Location: 7:00

Event: ESL SC2 Masters 2024 Spring (Regional)

VOD

Have the link to the VOD?

Description

Time

  • Played on: May 5, 2024, 9:12 a.m.
  • Length: 9:22

All games in this series

Show
View Real Time Build Order
Export as new Build Order

Clem Terran - Winner!

Build Orders: Cyclone Opening 

Get SALT Encoding   

  12  0:00  SCV  
  13  0:12  SCV  
  14  0:17  Supply Depot  
  14  0:24  SCV  
  15  0:38  SCV  
  15  0:40  Barracks  
  16  0:44  Refinery  
  16  0:50  SCV  
  17  1:02  SCV  
  18  1:14  SCV  
  19  1:27  Orbital Command  
  19  1:37  Reaper  
  20  1:47  Bunker  
  20  1:50  Supply Depot  
  20  1:52  SCV  
  21  2:01  Bunker  
  21  2:05  SCV  
  21  2:08  Marine, Factory  
  23  2:17  SCV  
  24  2:26  Marine  
  24  2:29  SCV  
  26  2:30  Command Center  
  26  2:41  SCV  
  27  2:45  Refinery  
  27  2:47  Supply Depot  
  27  2:50  Barracks Reactor  
  27  2:54  Cyclone  
  27  2:56  SCV  
  30  3:08  SCV  
  30  3:11  Supply Depot  
  31  3:15  Starport  
  31  3:32  Marine x2  
  31  3:33  SCV, Cyclone  
  36  3:41  Supply Depot  
  36  3:42  Orbital Command  
  36  3:45  SCV  
  37  3:50  Marine x2  
  37  3:52  Medivac  
  41  3:57  SCV  
  41  4:04  Supply Depot  
  41  4:05  Factory Tech Lab  
  41  4:08  SCV  
  41  4:09  SCV, Marine  
  44  4:11  Marine  
  44  4:20  SCV  
  44  4:21  SCV  
  44  4:23  Siege Tank  
  49  4:26  Starport Tech Lab  
  49  4:27  Marine  
  49  4:30  Marine  
  51  4:32  SCV  
  51  4:33  SCV  
  53  4:39  Supply Depot  
  53  4:45  SCV, Marine  
  55  4:48  Raven, Marine  
  55  4:49  Orbital Command  
  58  4:57  SCV  
  59  5:01  Refinery  
  59  5:04  Siege Tank  
  62  5:09  SCV  
  63  5:15  SCV  
  63  5:16  Command Center  
  63  5:17  Interference Matrix  
  64  5:22  SCV  
  64  5:24  Supply Depot  
  64  5:27  SCV  
  66  5:34  SCV  
  66  5:35  Raven  
  69  5:39  SCV  
  69  5:40  Barracks  
  69  5:42  Barracks  
  70  5:46  SCV  
  70  5:48  Refinery  
  71  5:50  Marine  
  71  5:51  SCV, Stimpack  
  71  5:55  Supply Depot  
  73  5:57  Factory Reactor  
  73  5:58  SCV  
  73  6:03  SCV  
  75  6:08  Engineering Bay, Marine  
  75  6:09  Engineering Bay  
  75  6:10  SCV  
  77  6:14  Raven  
  77  6:15  SCV  
  80  6:22  SCV  
  80  6:24  Barracks  
  81  6:26  Marine  
  81  6:27  SCV  
  81  6:28  Barracks  
  81  6:30  Orbital Command  
  83  6:35  Terran Infantry Weapons Level 1  
  83  6:36  Terran Infantry Armor Level 1  
  83  6:37  Marine  
  83  6:38  Marine  
  85  6:44  SCV, Marine  
  87  6:49  SCV  
  88  6:54  Marine  
  88  6:55  Supply Depot, Marine x2  
  88  6:56  SCV  
  88  7:00  Starport Reactor  
  88  7:01  SCV, Marine  
  94  7:04  Siege Tank  
  94  7:06  SCV  
  94  7:08  SCV  
  97  7:09  Marine  
  97  7:13  SCV  
  97  7:14  Marine  
  100  7:16  Orbital Command  
  100  7:18  Barracks Reactor  
  100  7:19  Supply Depot  
  100  7:20  Marine x2  
  100  7:21  Marine  
  100  7:22  SCV  
  104  7:25  SCV  
  104  7:26  Barracks Reactor  
  104  7:28  Missile Turret  
  105  7:31  Combat Shield  
  105  7:32  Marine  
  105  7:33  Marine  
  105  7:34  SCV  
  108  7:38  Marine  
  108  7:40  SCV  
  108  7:42  SCV, Missile Turret  
  111  7:45  Siege Tank  
  111  7:46  Medivac  
  111  7:48  Medivac  
  118  7:52  Marine x2  
  118  7:54  SCV x2  
  118  7:55  SCV, Supply Depot  
  118  7:56  Marine  
  118  7:57  Marine  
  125  8:04  Supply Depot  
  125  8:09  Armory  
  125  8:16  Refinery, Marine x7  
  125  8:17  SCV, Refinery  
  125  8:18  Supply Depot  
  133  8:25  Marine x2  
  133  8:26  SCV x2, Siege Tank, Supply Depot  
  140  8:29  SCV  
  141  8:36  Supply Depot  
  141  8:39  SCV x2, Medivac x2, Marine x2  
  149  8:43  Supply Depot  
  149  8:44  Factory  
  149  8:47  Marine x4  
  149  8:48  Marine  
  154  8:50  Marine  
  154  8:51  Marine  
  152  8:56  SCV x2  
  152  8:57  Marine x2  
  152  8:59  SCV  
  145  9:08  SCV x2  
Show
View Real Time Build Order
Export as new Build Order

Spirit Terran 

Build Orders:  

Get SALT Encoding   

  12  0:00  SCV  
  13  0:12  SCV  
  14  0:18  Supply Depot  
  14  0:24  SCV  
  15  0:39  SCV  
  16  0:43  Barracks  
  16  0:46  Refinery  
  16  0:51  SCV  
  17  1:03  Refinery  
  17  1:04  SCV  
  18  1:16  SCV  
  19  1:30  Barracks Tech Lab, Orbital Command  
  19  1:38  Supply Depot  
  19  1:49  Marauder  
  19  1:50  Factory  
  21  1:56  SCV  
  21  1:57  Concussive Shells  
  22  2:10  Marauder  
  22  2:11  SCV  
  25  2:23  SCV  
  26  2:35  SCV, Factory Reactor  
  26  2:36  Starport  
  27  2:42  Supply Depot  
  27  2:47  SCV  
  28  3:00  SCV  
  29  3:11  Cyclone  
  29  3:12  SCV, Cyclone  
  34  3:15  Bunker  
  34  3:16  Medivac  
  36  3:24  SCV  
  36  3:26  Supply Depot  
  37  3:43  Cyclone  
  37  3:47  Cyclone  
  40  3:57  Command Center  
  40  4:02  Liberator  
  42  4:10  SCV  
  42  4:15  Cyclone  
  45  4:21  Supply Depot  
  45  4:23  Cyclone  
  47  4:42  SCV  
  48  4:49  Cyclone, Starport Tech Lab  
  50  4:54  SCV  
  50  4:55  Cyclone  
  50  4:59  Supply Depot  
  53  5:07  Refinery  
  53  5:08  Raven  
  53  5:11  Barracks  
  55  5:15  SCV  
  55  5:18  Orbital Command  
  56  5:22  Interference Matrix  
  56  5:27  SCV  
  57  5:40  SCV, Factory Tech Lab  
  58  5:43  Raven, Barracks  
  58  5:46  SCV  
  61  5:52  SCV  
  62  5:58  SCV, Siege Tank  
  62  6:00  Barracks Tech Lab  
  62  6:04  SCV, Supply Depot  
  67  6:10  SCV  
  68  6:16  SCV  
  69  6:22  Stimpack  
  69  6:24  SCV  
  69  6:25  Command Center  
  70  6:28  SCV  
  70  6:29  Marine  
  72  6:36  SCV, Barracks Reactor  
  73  6:40  SCV  
  73  6:41  Marine x2  
  73  6:45  Supply Depot  
  75  6:47  Marine  
  75  6:48  SCV  
  75  6:52  SCV  
  78  6:54  Starport Reactor  
  78  6:59  Marine x2  
  78  7:01  Siege Tank  
  84  7:05  Marine  
  84  7:07  Supply Depot  
  84  7:10  Engineering Bay x2  
  84  7:11  SCV, Refinery  
  84  7:15  SCV, Marine  
  86  7:17  Marine x2  
  86  7:18  Marine  
  90  7:23  Supply Depot, Marine  
  90  7:24  SCV  
  92  7:33  Marine  
  92  7:34  Siege Tank  
  92  7:35  Marine x2  
  98  7:38  Medivac  
  98  7:41  Medivac, Marine  
  98  7:42  Marine  
  104  7:49  SCV  
  104  7:51  Marine  
  102  7:52  SCV  
  102  7:53  Marine  
  105  8:00  Marine x2  
  105  8:02  SCV, Combat Shield  
  105  8:03  Marine  
  109  8:09  Marine, Viking  
  109  8:11  Viking  
  115  8:14  Orbital Command  
  115  8:15  SCV  
  115  8:16  SCV  
  116  8:22  Siege Tank  
  116  8:25  Marine  
  120  8:27  SCV  
  120  8:28  SCV  
  120  8:31  Marine x2  
  122  8:35  Marine  
  122  8:39  SCV, Barracks  
  122  8:40  SCV, Barracks  
  125  8:47  Supply Depot  
  125  8:48  Supply Depot  
  125  8:56  SCV, Marine  
  125  8:57  Marine x3  
  125  8:58  SCV x2, Marine  
  121  9:08  SCV  
Tags
 
Add a new tag
Caveats
  • Supply blocks, unpowered buildings, or Contaminate may cause inaccurate times.
  • Supply counts are checked every 10 seconds.